 Dungeon Crawl Stone Soup version 0.22-a0-15-g4f60a598d5 (webtiles) character file.

7 Dragon983 the Ducker (level 1, 0/10 HPs)
             Began as a Felid Berserker on Jan 2, 2018.
             Was a Follower of Trog.
             Slain by a hobgoblin
             ... wielding a +0 club
              (4 damage)
             ... on level 1 of the Dungeon.
             The game lasted 00:00:22 (56 turns).

Dragon983 the Ducker (Felid Berserker)                Turns: 56, Time: 00:00:23

Health: 0/10       AC:  1    Str: 13    XL:     1   Next: 91%
Magic:  2/2        EV: 19    Int:  8    God:    Trog [*.....]
Gold:   0          SH:  0    Dex: 15    Spells: 0/0 levels left
                                        Lives:  0   Deaths: 0

rFire    . . .     SeeInvis +     - Unarmed
rCold    . . .     Gourm    .   (shield unavailable)
rNeg     . . .     Faith    .   (armour unavailable)
rPois    .         Spirit   .   (helmet unavailable)
rElec    .         Reflect  .   (cloak unavailable)
rCorr    .         Harm     .   (gloves unavailable)
MR       .....                  (boots unavailable)
Stlth    ++........             (no amulet)
HPRegen  0.03/turn              (no ring)
MPRegen  0.08/turn              (no ring)

@: berserk cooldown, slowed, slow
A: very small, no armour, no weapons or thrown items, stealth, claws 1, fangs 3,
see invisible, carnivore, speed 1, shaggy fur 1, slow metabolism 1, sharp paws
a: Berserk, Burn Spellbooks, Renounce Religion


You were on level 1 of the Dungeon.
You worshipped Trog.
Trog was aware of your devotion.
You were not hungry.

You visited 1 branch of the dungeon, and saw 1 of its levels.

Inventory:

Scrolls
 b - a scroll of fog {unknown}
 c - a scroll of immolation {unknown}
 d - a scroll of noise {unknown}
Comestibles
 a - a ration


   Skills:
 + Level 3.1 Fighting
 + Level 4.2 Dodging
 + Level 3.2 Unarmed Combat


You couldn't memorise any spells.
You didn't know any spells.

Dungeon Overview and Level Annotations

Branches:
Dungeon (1/15)

Altars:


Innate Abilities, Weirdness & Mutations

You cannot wear armour.
You are incapable of wielding weapons or throwing items.
Your paws allow you to move quietly. (Stealth)
You have sharp claws.
You have razor-sharp teeth.
You have supernaturally acute eyesight. (SInv)
You are carnivorous and can eat meat at any time.
You cover ground quickly.
You are covered in fur. (AC +1)
You have a slow metabolism.
Your sharp claws are effective at attacking unaware monsters.


Message History

You are no longer berserk.
You are exhausted.
You feel yourself slow down.
The hobgoblin shouts!
Found a whip.
The kobold misses you. The kobold barely misses you.
You scratch the kobold.
You kill the kobold!
Trog accepts your kill.
Found a mace.
You see here a dagger.
You barely miss the hobgoblin. The hobgoblin hits you with a club.
You barely miss the hobgoblin. The hobgoblin hits you with a club.
You are too injured to fight recklessly!
You are too injured to fight recklessly!
You are too injured to fight recklessly!
You scratch the hobgoblin.
The hobgoblin is lightly wounded.
The hobgoblin misses you. The hobgoblin hits you with a club.
You die...

#..........#
#..........##
#....().....#
#.####....)......#
.................)#
#...####........>.#
#...####..........#
#............######
.#...g@...###
...........#
......##..## ....#.
#..# ....# #..# ...
#).# . ##.# .)


You could see a hobgoblin.

Vanquished Creatures
  3 goblins (D:1)
  A hobgoblin (D:1)
  2 kobolds (D:1)
6 creatures vanquished.

Notes
Turn   | Place    | Note
-------+----------+-------------------------------------------
     0 | D:1      | Dragon983 the Felid Berserker began the quest for the Orb.
     0 | D:1      | Reached XP level 1. HP: 10/10 MP: 2/2
    56 | D:1      | Slain by a hobgoblin

Vault maps used:
D:1:      wheals_arrival_shading

Action                   || total
-------------------------++-------
Melee: Unarmed           ||    12
Invok: Berserk           ||     1
 Stab: Sleeping          ||     1
Dodge: Dodged            ||     6

Table legend:
 A = Spawn XP
 B = Non-spawn XP
 C = Spawn XP percentage of total XP
 D = Spawn monster count
 E = Non-spawn monster count
 F = Spawn count percentage of total count
 G = Total turns spent on level
                    A         B        C        D         E        F      G
               +---------+---------+-------+---------+---------+-------+---------
         Total |       0 |      11 |   0.0 |       0 |       6 |   0.0 |    56
               +---------+---------+-------+---------+---------+-------+---------
           D:1 |       0 |      11 |   0.0 |       0 |       6 |   0.0 |    56
               +---------+---------+-------+---------+---------+-------+---------
